 Dungeon Crawl Stone Soup version 0.30-a0-939-gc8157cb160 (console) character file.

Game seed: 10941223555533397070

609 jejorda2 the Spear-Bearer (level 7, -13/56 HPs)
             Began as a Merfolk Berserker on Mar 25, 2023.
             Was a Believer of Trog.
             Engulfed by a cloud of flame (26 damage)
             ... on level 4 of the Dungeon.
             The game lasted 00:06:11 (3349 turns).

jejorda2 the Spear-Bearer (Merfolk Berserker)       Turns: 3349, Time: 00:06:11

Health: -13/56     AC:  7    Str: 20    XL:     7   Next: 43%
Magic:  7/7        EV: 10    Int:  6    God:    Trog [**....]
Gold:   169        SH:  0    Dex: 13    Spells: 6/6 levels left

rFire   . . .      SeeInvis .    a - +0 spear
rCold   . . .      Faith    .    (no shield)
rNeg    . . .      Spirit   .    d - +0 scale mail
rPois   .          Reflect  .    (no helmet)
rElec   .          Rampage  .    (no cloak)
rCorr   .                        o - +0 pair of gloves
Will    .....                    (no boots) Stlth
                                 (no amulet)
HPRegen 0.29/turn                (no ring)
MPRegen 0.10/turn                (no ring)

@: no status effects
A: (nimble swimmer 2), mertail
a: Renounce Religion, Berserk, Trog's Hand


You were on level 4 of the Dungeon.
You worshipped Trog.
Trog was pleased with you.
You visited 1 branch of the dungeon, and saw 4 of its levels.

You collected 169 gold pieces.

Inventory:

Hand Weapons
 a - a +0 spear (weapon)
Missiles
 h - 54 stones (quivered)
 u - 5 boomerangs
Armour
 d - a +0 scale mail (worn)
 o - a +0 pair of gloves (worn)
Wands
 b - a wand of roots (1)
Scrolls
 c - 5 scrolls of teleportation {unknown}
 g - a scroll of noise {unknown}
 i - a scroll of enchant armour {unknown}
 j - a scroll of enchant weapon {unknown}
 k - 4 scrolls of identify {unknown}
 m - a scroll of poison {unknown}
 r - a scroll of immolation {unknown}
 s - a scroll of fog {unknown}
Potions
 e - a potion of ambrosia {unknown}
 f - 2 potions of degeneration {unknown}
 l - 2 potions of attraction {unknown}
 n - a potion of might {unknown}
 p - a potion of heal wounds {unknown}
 q - 3 potions of lignification {unknown}
 t - 2 potions of haste {unknown}
 v - a potion of flight {unknown}
 w - a potion of resistance


   Skills:
 + Level 5.3 Fighting
 * Level 8.3 Polearms
 + Level 3.1 Armour
 - Level 2.6 Dodging


You had 6 spell levels left.
You didn't know any spells.
Your spell library was empty.

Dungeon Overview and Level Annotations

Branches:
Dungeon (4/15)
 Temple: D:4-7

Altars:
Hepliaklqana
Nemelex Xobeh
The Shining One

Annotations:
D:4 1 transporter


Innate Abilities, Weirdness & Mutations

((You are very nimble when in or above water. (Stealth+, EV+, Speed+++)))
Your lower body shifts to a powerful aquatic tail in water.


Message History

You hit the fire bat.
The fire bat is almost dead.
The fire bat bites you.
You are engulfed in flames!
You puncture the fire bat!
You kill the fire bat!
Trog accepts your kill.
The fire bat bites you but does no damage.
Your Fighting skill increases to level 5!
Your Armour skill increases to level 3!
You have reached level 7!
Reach: a) +0 spear
Press: ? - help, Dir - move target, f - fire bat
Aim: a fire bat (moderately wounded, about 47% to evade your +0 spear)
You reach to attack!
You closely miss the fire bat.
The fire bat is moderately wounded.
You puncture the fire bat!
The fire bat is almost dead.
The fire bat closely misses you.
Reach: a) +0 spear
Press: ? - help, Dir - move target, f/p - fire bat
Aim: a fire bat (flame, almost dead, about 47% to evade your +0 spear)
You reach to attack!
You puncture the fire bat!
You kill the fire bat!
Trog accepts your kill.
Your Polearms skill increases to level 8!
You start resting.
You feel a strong urge to attack something.
You are no longer berserk.
You are exhausted.
You feel yourself slow down.
You start resting.
You feel yourself speed up.
You start resting.
You recover from your berserk rage.
Really walk into a travel-excluded area?
You are engulfed in blazing flames.
* * * LOW HITPOINT WARNING * * *
There is an open gate, spattered with blood here.
You are engulfed in blazing flames.
You die...

#.#.##...................#.#..
#.#....#####...######....#....
#....### ##.©.###.......#....
###.## ###########......#....
###.# #○○☼(©?☼☼.#...........
#...# #○○○$$$°○☼#...........
#.### #○○☼...°°○#......P.... #.#
#°○○○°°☼☼○#..###...... #.#
#.○.○@○○☼○#..# #.P.... #.#
####○○○####..###.P.### ###.###
#°°...☼☼###..##...# #.....#
####○○#.#○○####..#..†###
#...†.###..#○○...○°#............
#.....##..##☼○#©#°°######.......
#.....#..###☼°°○○°☼#............
#.......## #°.☼○○.○#...##.......
#.....### #########..###..<....


There were no monsters in sight!

Vanquished Creatures
  2 fire bats (D:4)
  A black bear (D:4)
  A scorpion (D:4)
  Natasha (thrice) (D:4)
  4 gnolls (D:4)
  An adder (D:4)
  A worm (D:4)
  2 dart slugs
  5 orcs
  7 endoplasms
  2 giant cockroaches (D:2)
  4 goblins
  7 hobgoblins
  5 quokkas
  9 ball pythons
  4 bats
  A frilled lizard (D:1)
  A kobold (D:3)
  5 rats
65 creatures vanquished.

Vanquished Creatures (others)
  A plant (D:4)
1 creature vanquished.

Grand Total: 66 creatures vanquished

Notes
Turn   | Place    | Note
-------+----------+-------------------------------------------
     0 | D:1      | jejorda2 the Merfolk Berserker began the quest for the Orb.
     0 | D:1      | Reached XP level 1. HP: 18/18 MP: 1/1
   343 | D:1      | Reached XP level 2. HP: 24/24 MP: 2/2
  1093 | D:2      | Reached XP level 3. HP: 28/29 MP: 3/3
  1149 | D:2      | Reached skill level 5 in Polearms
  1222 | D:2      | Reached ** piety under Trog
  2121 | D:3      | Found a glowing golden altar of the Shining One.
  2569 | D:4      | Reached XP level 4. HP: 37/37 MP: 4/4
  2585 | D:4      | Noticed a black bear
  2597 | D:4      | Killed a black bear
  2598 | D:4      | Reached skill level 6 in Polearms
  2598 | D:4      | Reached XP level 5. HP: 42/42 MP: 5/5
  2651 | D:4      | Found a sparkling altar of Nemelex Xobeh.
  2683 | D:4      | Noticed Natasha
  2735 | D:4      | Killed Natasha
  2736 | D:4      | Reached XP level 6. HP: 45/49 MP: 6/6
  2791 | D:4      | Reached skill level 7 in Polearms
  2946 | D:4      | Noticed Natasha
  2958 | D:4      | Killed Natasha
  3064 | D:4      | Found a transporter.
  3065 | D:4      | Noticed a fire bat
  3065 | D:4      | Noticed a fire bat
  3114 | D:4      | Found a hazy altar of Hepliaklqana.
  3234 | D:4      | Noticed Natasha
  3246 | D:4      | Killed Natasha
  3283 | D:4      | Found a transporter.
  3309 | D:4      | Killed a fire bat
  3310 | D:4      | Reached skill level 5 in Fighting
  3310 | D:4      | Reached XP level 7. HP: 26/56 MP: 7/7
  3312 | D:4      | Killed a fire bat
  3313 | D:4      | Reached skill level 8 in Polearms
  3349 | D:4      | Engulfed by a cloud of flame

Illustrated notes

Levels and vault maps discovered:
D:1:      dpeg_arrival_central, layout_basic, nicolae_figureground_pulse
D:2:      layout_rooms, moated_statue
D:3:      layout_loops_corners, nicolae_tso_swordbearing_angel
D:4:      gammafunk_cloud_chamber, layout_rooms, mainiacjoe_overflow_boulevard,
          nicolae_hepliaklqana_hippocampus, uniq_natasha

Skill      XL: |  1  2  3  4  5  6  7 |
---------------+----------------------+-----
Polearms       | 5 6 7 8 |  8.3
Armour         | 2 3 |  3.1
Fighting       | 4 5 |  5.3
Dodging        | |  2.6

Action                     |  1- 3 |  4- 6 |  7- 9 || total
---------------------------+-------+-------+-------++-------
  Melee: Spear             |   148 |    93 |     3 ||   244
         Punch             |     1 |     3 |       ||     4
  Throw: Stone             |       |     2 |       ||     2
 Invoke: Berserk           |     1 |     3 |       ||     4
         Trog's Hand       |       |     3 |       ||     3
    Use: Potion            |       |     1 |       ||     1
 Armour: Leather armour    |     9 |       |       ||     9
         Scale mail        |     5 |    26 |       ||    31
         Ring mail         |     4 |       |       ||     4
  Dodge: Dodged            |    54 |    42 |     1 ||    97

Table legend: (Time is in decaauts)
 A = Elapsed time spent in this place.
 B = Non-inter-level travel time spent in this place.
 C = Inter-level travel time spent in this place.
 D = Time resting spent in this place.
 E = Time spent auto-exploring this place.
 F = Levels seen in this place.
 G = Mean time per level.
                   A        B        C        D        E       F      G
               +--------+--------+--------+--------+--------+-----+--------+
         Total |   3359 |   3245 |    114 |    278 |   2464 |   4 |  839.8 |
       Dungeon |   3359 |   3245 |    114 |    278 |   2464 |   4 |  839.8 |
               +--------+--------+--------+--------+--------+-----+--------+

Top non-repeatable levels by time:
     D:3: 1183 daAuts
     D:1: 997 daAuts
     D:4: 698 daAuts
     D:2: 480 daAuts
